 Dungeon Crawl Stone Soup version 0.31-a0-188-g5e087ee2ca (webtiles) character file.

Game seed: 5882608641438738617

158 qw the Skirmisher (level 5, -4/29 HPs)
             Began as a Deep Elf Hunter on June 23, 2023.
             Slain by an ogre
             ... wielding a +0 giant spiked club
              (21 damage)
             ... on level 3 of the Dungeon.
             The game lasted 00:00:56 (1878 turns).

qw the Skirmisher (Deep Elf Hunter)                 Turns: 1878, Time: 00:00:57

Health: -4/29      AC:  5    Str: 10    XL:     5   Next: 16%
Magic:  7/7        EV: 11    Int: 14    God:
Gold:   51         SH:  0    Dex: 18    Spells: 4/4 levels left

rFire   . . .        Y - +0 shortbow (heavy)
rCold   . . .        (shield currently unavailable)
rNeg    . . .        a - +0 ring mail {Will+}
rPois   .            (no helmet)
rElec   .            (no cloak)
rCorr   .            (no gloves)
SInv    .            (no boots)
Will    +....        (no amulet)
Stlth   +            (no ring)
HPRegen 0.24/turn    (no ring)
MPRegen 0.10/turn

%: no passive effects
@: lethally poisoned (-4 -> -8)
A: no striking features
a: no special abilities


You were on level 3 of the Dungeon.
You visited 1 branch of the dungeon, and saw 3 of its levels.

You collected 51 gold pieces.


   Skills:
 - Level 1.5 Fighting
 + Level 8.6 Ranged Weapons
 - Level 2.4 Dodging
 - Level 1.2 Stealth


You had 4 spell levels left.
You didn't know any spells.
Your spell library was empty.

Inventory:

Hand Weapons
 Y - a +0 heavy shortbow (weapon)
Armour
 a - a +0 ring mail of willpower (worn)
Scrolls
 b - 2 scrolls of identify
 c - a scroll of enchant weapon {unknown}
Potions
 d - a potion of curing
 e - a potion of resistance
 f - a potion of mutation {unknown}
 j - a potion of cancellation

Dungeon Overview and Level Annotations

Branches:
Dungeon (3/15)

Altars:
Vehumet


Message History

b - 2 scrolls of identify (gained 1)
A worm comes into view.
Enter note:
Enter note: You shoot an arrow.
The arrow barely misses the worm.
You shoot an arrow. The arrow hits the worm!
You kill the worm!
You see here a worm corpse.
You open the door.
An ogre, an adder and a bat come into view.
There is an open door here.
Enter note:
Enter note: You shoot an arrow.
The arrow misses the bat.
The ogre shouts!
The bat barely misses you.
A kobold comes into view. It is wielding a +0 club.
A quokka comes into view.
You shoot an arrow. The arrow hits the bat!!
You kill the bat!
You shoot an arrow. The arrow closely misses the adder.
The adder bites you but does no damage. The adder bites you.
You are poisoned.
The adder poisons you!
You shoot an arrow. The arrow barely misses the adder.
You feel very sick. The adder bites you.
You are more poisoned.
The adder poisons you! The adder bites you but does no damage.
The quokka barely misses you. The adder bites you but does no damage.
You shoot an arrow. The arrow hits the adder!!
You kill the adder!
You feel very sick. The quokka bites you.
You shoot an arrow. The arrow hits the ogre!
The ogre is heavily wounded.
You feel sick.
The ogre hits you with a +0 giant spiked club!!
Ouch! That really hurt!
You die...

## ###
#..# .##
##..
#..##
..#
##...
##..#
..# ....
#.## ..#
... #.#
..# ..
##.# .##
#r #..#
.#
#O###.##
####
#%@...#
#...
#%#####
...# #.
..# ..
..# ...
..# ....
..#
##...
#.# ##..
# #


You could see an ogre and a quokka.

Vanquished Creatures
  Natasha (thrice) (D:2)
  2 adders
  2 worms (D:3)
  2 dart slugs
  5 ball pythons
  9 bats
  4 endoplasms
  2 giant cockroaches
  4 goblins
  5 hobgoblins
  9 kobolds
  2 quokkas
  2 frilled lizards (D:1)
  9 rats
60 creatures vanquished.

Notes
Turn   | Place    | Note
-------+----------+-------------------------------------------
     0 | D:1      | qw the Deep Elf Hunter began the quest for the Orb.
     0 | D:1      | Reached XP level 1. HP: 12/12 MP: 3/3
     0 | D:1      | 0 ||| qw: Version: 0.3-a-9-g12657ce
     0 | D:1      | 0 ||| qw: Game counter: 3603
     0 | D:1      | 0 ||| qw: Always use a shield: true
     0 | D:1      | 0 ||| qw: God list: Okawaru
     0 | D:1      | 0 ||| qw: Allow faded altars: false
     0 | D:1      | 0 ||| qw: Do Orc after D:15 true
     0 | D:1      | 0 ||| qw: Do second Lair branch before Depths: true
     0 | D:1      | 0 ||| qw: Lair rune preference: random
     0 | D:1      | 0 ||| qw: Plans: Normal
     0 | D:1      | 0 ||| PLANNING D:1-11
    23 | D:1      | 23 ||| READING scroll labelled WOV JUANKAULA.
    34 | D:1      | 34 ||| DROPPING scroll of butterflies.
   194 | D:1      | Reached skill level 6 in Ranged Weapons
   194 | D:1      | Reached XP level 2. HP: 12/16 MP: 4/4
   487 | D:1      | Found a faded altar of an unknown god.
   699 | D:1      | 699 ||| UPGRADING to +0 scale mail.
   709 | D:1      | 709 ||| DROPPING +0 leather armour.
   710 | D:1      | 710 ||| UPGRADING to +0 ring mail.
   720 | D:1      | 720 ||| DROPPING +0 scale mail.
   721 | D:1      | 721 ||| READING 5 scrolls labelled ILOUQ OTWESI.
   722 | D:1      | 722 ||| READING 4 scrolls of identify.
   722 | D:1      | 722 ||| IDENTIFYING white potion
   723 | D:1      | 723 ||| READING 3 scrolls of identify.
   723 | D:1      | 723 ||| IDENTIFYING bubbling golden potion
   798 | D:2      | Reached XP level 3. HP: 20/20 MP: 5/5
   881 | D:2      | Noticed Natasha
   885 | D:2      | Killed Natasha
   886 | D:2      | Reached skill level 7 in Ranged Weapons
   920 | D:2      | Noticed Natasha
   921 | D:2      | 921 ||| Stepping ~*~*~tactically~*~*~ (outnumbered).
   923 | D:2      | 923 ||| Stepping ~*~*~tactically~*~*~ (outnumbered).
   930 | D:2      | HP: 5/20 [cerulean imp/+2 spear[Natasha] (2)]
   931 | D:2      | 931 ||| DRINKING potion of heal wounds.
   938 | D:2      | HP: 5/20 [kobold/+0 dagger (1)]
   939 | D:2      | Killed Natasha
   940 | D:2      | Reached XP level 4. HP: 7/25 MP: 6/6
   954 | D:2      | Noticed Natasha
   955 | D:2      | 955 ||| FLEEEEING.
   956 | D:2      | 956 ||| FLEEEEING.
  1030 | D:2      | Killed Natasha
  1031 | D:2      | Reached skill level 8 in Ranged Weapons
  1626 | D:2      | 1626 ||| UPGRADING to +0 ring mail of willpower.
  1636 | D:2      | 1636 ||| DROPPING +0 ring mail.
  1637 | D:2      | 1637 ||| READING scroll labelled DEMUK ISMENY.
  1638 | D:2      | 1638 ||| READING scroll labelled BESUPR ASMU.
  1643 | D:2      | 1643 ||| READING 3 scrolls labelled REOLUU TOAGAONWU.
  1644 | D:2      | 1644 ||| READING scroll labelled WYHIXZ RORIU.
  1645 | D:2      | 1645 ||| READING 3 scrolls of identify.
  1645 | D:2      | 1645 ||| IDENTIFYING bubbling black potion
  1646 | D:2      | 1646 ||| READING 2 scrolls of identify.
  1646 | D:2      | 1646 ||| IDENTIFYING murky ruby potion
  1647 | D:2      | 1647 ||| DROPPING 2 scrolls of noise.
  1693 | D:3      | Found a radiant altar of Vehumet.
  1756 | D:3      | Reached XP level 5. HP: 29/29 MP: 7/7
  1785 | D:3      | 1785 ||| FLEEEEING.
  1791 | D:3      | 1791 ||| FLEEEEING.
  1793 | D:3      | 1793 ||| FLEEEEING.
  1872 | D:3      | Noticed an ogre
  1878 | D:3      | Slain by an ogre

Levels and vault maps discovered:
D:1:      roderic_crop_circles_arrival_small, layout_basic,
          ebering_ecumenical_altar_hall
D:2:      layout_basic, nrook_mini_backslash, kennysheep_pointless_box,
          uniq_natasha
D:3:      minmay_octagon_keep, layout_rooms, vehumet_altar_wand_db,
          minivault_24, hangedman_abyss_or_decor_stabs

Skill      XL: |  1  2  3  4 |
---------------+-------------+-----
Ranged Weapons | 6 7 8 |  8.6
Fighting       | |  1.5
Dodging        | |  2.4
Stealth        | |  1.2

Action                     |  1- 3 |  4- 6 || total
---------------------------+-------+-------++-------
   Fire: Shortbow          |   112 |    87 ||   199
    Use: Scroll            |     4 |     6 ||    10
         Potion            |     1 |       ||     1
 Armour: Leather armour    |     5 |       ||     5
         Ring mail         |    12 |    23 ||    35
  Dodge: Dodged            |    53 |    23 ||    76

Table legend:
 A = Non-vault XP
 B = Vault XP
 C = Vault XP percentage of total XP
 D = Non-vault monster count
 E = Vault monster count
 F = Vault count percentage of total count
                 A         B        C        D         E       F
            +---------+---------+-------+---------+---------+-------
      Total |     178 |      49 |  21.6 |      56 |       4 |   6.7
            +---------+---------+-------+---------+---------+-------
        D:1 |      40 |       0 |   0.0 |      27 |       0 |   0.0
        D:2 |     112 |      33 |  22.8 |      19 |       1 |   5.0
        D:3 |      26 |      16 |  38.1 |      10 |       3 |  23.1
            +---------+---------+-------+---------+---------+-------
